 Dungeon Crawl Stone Soup version 0.32-a0-834-geaf45d8e21 (webtiles) character file.

Game seed: 1928511899797327161

11746 FelidarSovereign the Mimic (level 11, -1/141 HPs)
             Began as a Black Draconian Shapeshifter on Mar 25, 2024.
             Was a Believer of Ru.
             Slain by a komodo dragon (17 damage)
             ... on level 11 of the Dungeon.
             The game lasted 00:18:19 (13388 turns).

FelidarSovereign the Mimic (DrSh)                  Turns: 13388, Time: 00:18:19

Health: -1/141     AC: 25    Str: 17    XL:     11   Next: 53%
Magic:  11/11      EV:  2    Int: 10    God:    Ru [**....]
Gold:   622        SH:  0    Dex: 15    Spells: 10/10 levels left

rFire   . . .        u - +3 club (spect)
rCold   . . .        (no shield)
rNeg    . . .        (body armour unavailable)
rPois   +            (helmet currently unavailable)
rElec   .            G - melded +0 cloak
rCorr   .            (gloves currently unavailable)
SInv    .            (boots currently unavailable)
Will    .....        A - amulet of the acrobat Stlth
                     P - ring of poison resistance
HPRegen 0.43/turn    L - ring of flight
MPRegen 0.12/turn

%: acrobat
@: tree-form
A: stationary, stasis, torment immunity, boosted hp, (galvanic breath), AC +7,
unfitting armour, (electricity resistance), (cold-blooded), no stealth, hated by
all
a: Renounce Religion


You were on level 11 of the Dungeon.
You worshipped Ru.
Ru was pleased with you.
You were a tree.
You visited 2 branches of the dungeon, and saw 12 of its levels.

You collected 738 gold pieces.
You spent 116 gold pieces at shops.

Inventory:

Hand Weapons
 u - a +3 spectral club (weapon)
Missiles
 E - a throwing net {=f!f}
Armour
 w - a +0 tower shield
 G - a +0 cloak (melded)
 H - a +0 buckler
 I - a +0 cloak
Magical Staves
 y - a staff of cold {!a}
 C - a staff of death {!a}
 J - a staff of alchemy {!a}
Jewellery
 A - an amulet of the acrobat (around neck)
 L - a ring of flight (right branch)
 P - a ring of poison resistance (left branch)
 W - a ring of magical power
Talismans
 b - a beast talisman
 c - a flux talisman (active)
 g - a serpent talisman
 o - a storm talisman
Wands
 a - a wand of flame (10)
Scrolls
 i - 4 scrolls of teleportation {@r4}
 j - 4 scrolls of vulnerability {!r!r}
 l - 3 scrolls of enchant armour
 m - 2 scrolls of silence {!r!r}
 n - 2 scrolls of fog
 p - 3 scrolls of immolation {!r!r}
 q - 3 scrolls of blinking {!r}
 v - 2 scrolls of revelation
 x - a scroll of torment {!r}
 F - 2 scrolls of identify {@r1}
Potions
 d - 6 potions of curing {@q1}
 e - 3 potions of cancellation
 f - 3 potions of ambrosia {unknown}
 h - a potion of might {unknown}
 k - 3 potions of brilliance {unknown}
 r - 4 potions of berserk rage {unknown}
 s - 3 potions of haste {unknown}
 t - a potion of mutation {unknown}
 z - a potion of lignification {!q}
 B - a potion of attraction {!q}
 D - a potion of enlightenment


   Skills:
 - Level 8.0 Fighting
 - Level 5.0 Dodging
 + Level 9.4 Unarmed Combat
 * Level 12.9 Shapeshifting


You had 10 spell levels left.
You didn't know any spells.
Your spell library contained the following spells:

 Spells                   Type           Power      Damage    Failure   Level
 Necrotise                Necr           0%         1d4       36%         1
 Sandblast                Erth           0%         2d4       36%         1
 Sting                    Conj/Alch      0%         1d3       36%         1
 Cigotuvi's Dreadful Rot  Necr/Alch/Air  0%         N/A       50%         2
 Mercury Vapours          Alch/Air       0%         N/A       50%         2
 Mephitic Cloud           Conj/Alch/Air  0%         N/A       75%         3
 Stone Arrow              Conj/Erth      0%         3d7       75%         3
 Vampiric Draining        Necr           0%         2d6       75%         3
 Brom's Barrelling Bould  Conj/Erth      0%         2d3       98%         4
 Dispel Undead            Necr           0%         3d6       98%         4
 Olgreb's Toxic Radiance  Alch           0%         N/A       98%         4
 Curse of Agony           Necr           0%         N/A       100%        5
 Freezing Cloud           Conj/Ice/Air   0%         6-21      100%        5
 Lee's Rapid Deconstruct  Erth           0%         3d4*      100%        5
 Summon Small Mammal      Summ           Unusable   N/A       N/A         1
 Call Canine Familiar     Summ           Unusable   N/A       N/A         3
 Animate Armour           Summ/Erth      Unusable   N/A       N/A         4
 Martyr's Knell           Necr/Summ      Unusable   N/A       N/A         4
 Summon Blazeheart Golem  Fire/Summ      Unusable   N/A       N/A         4
 Summon Lightning Spire   Summ/Air       Unusable   N/A       N/A         4

Dungeon Overview and Level Annotations

Branches:
Dungeon (11/15)            Temple (1/1) D:6            Lair (0/5) D:9
    Orc (0/2) D:11

Altars:
Ashenzari
Cheibriados
Dithmenos
Elyvilon
Gozag
Kikubaaqudgha
Makhleb
Nemelex Xobeh
Okawaru
Qazlal
Ru
Sif Muna
Trog
Uskayaw
Vehumet
Wu Jian
Xom
Zin
The Shining One

Shops:
D:3 *   D:11 [

Portals:
Abyss: D:4

Annotations:
D:4 2 transporters, zorb987's ghost, amateur GnRe
D:9 2 transporters, Konar's ghost, journeyman CoHu


Innate Abilities, Weirdness & Mutations

You are a tree.
Your roots penetrate the ground, keeping you stationary.
You cannot be teleported.
You are immune to unholy pain and torment.
Your maximum health is greatly increased.
Your equipment is partially melded.
((You can breathe arcing electricity.))
((Your glossy black scales are hard. (AC +7)))
You cannot fit into any form of body armour.
((You are resistant to electric shocks. (rElec)))
((You are cold-blooded and may be slowed by cold attacks.))
You cannot be stealthy.
You are hated by all.


Message History

The basilisk gazes at you. You resist with some effort.
You redirect the komodo dragon's attack!
The komodo dragon bites itself!
The basilisk bites you but does no damage.
You turn to flesh and can move again.
Unknown command.
Unknown command.
Unknown command.
Unknown command.
Unknown command.
Unknown command.
Unknown command.
Unknown command.
Unknown command.
Your transformation has ended.
Your +3 spectral club unmelds from your body.
You feel a bond with your +3 spectral club.
You turn into a tree.
Your +0 cloak melds into your body.
Your roots penetrate the ground.
The komodo dragon bites you but does no damage.
The basilisk bites you!
* * * LOW HITPOINT WARNING * * *
Unknown command.
You closely miss the basilisk.
Your +3 spectral club hits the basilisk.
The komodo dragon bites you!!
* * * LOW HITPOINT WARNING * * *
The basilisk gazes at you. You resist with some effort.
Unknown command.
You hit the basilisk.
Your +3 spectral club closely misses the basilisk.
The komodo dragon bites you but does no damage.
The basilisk bites you but does no damage.
Unknown command.
You hit the basilisk.
Your +3 spectral club closely misses the basilisk.
The komodo dragon bites you!
* * * LOW HITPOINT WARNING * * *
The basilisk bites you but does no damage.
The komodo dragon bites you!
* * * LOW HITPOINT WARNING * * *
The basilisk bites you but does no damage.
Unknown command.
You feel better.
Your +3 spectral club disappears.
The komodo dragon bites you!
You die...
Ru respects your ultimate sacrifice.

# ..#..)>........##
#...##.).......#...#
........).......###.#
# ...#.##.........#
#.# #. #....#.##....#
#..
..##.######...##....#
###
..<...............# #
#/####...####....#
#..?l♣..## #....#
...$...###l.#
###..##### ...#...
...## ##...... .
#.......# #######
.l.h.....#
#.>.......#
#.........#
#.........#


You could see a komodo dragon and a basilisk.

Vanquished Creatures
  Amaemon (D:9)
  Pikel (D:5)
  A gargoyle (D:10)
  An orange demon (D:9)
  2 kobold demonologists
  A troll (D:8)
  A hornet (D:9)
  5 slime creatures
  Sigmund (D:5)
  A shadow (D:8)
  4 fire bats (D:9)
  A wyvern (D:10)
  22 yaks
  A fire elemental (D:9)
  A warg (D:11)
  2 steam dragons (D:9)
  Menkaure (D:6)
  A water moccasin (D:5)
  A hell hound (D:9)
  An acid dragon (D:10)
  2 orc warriors
  A sky beast (D:5)
  An ice beast (D:7)
  2 black bears
  4 wolves
  A centaur (D:9)
  3 lemures
  3 phantoms (D:5)
  2 kobold brigands
  Blork the orc (D:4)
  5 bullfrogs
  2 scorpions
  7 wights
  3 killer bees (D:9)
  A howler monkey (D:10)
  2 lava snakes (D:9)
  7 hounds
  2 orc priests
  2 bombardier beetles
  A jelly (D:4)
  A gnoll bouda (D:7)
  An iguana (D:6)
  11 orc wizards
  Robin (D:4)
  4 gnolls (D:7)
  5 adders
  2 shadow imps
  2 white imps
  4 ufetubi
  4 dart slugs
  3 ribbon worms
  45 orcs
  7 endoplasms
  12 goblins
  6 hobgoblins
  3 quokkas (D:4)
  6 ball pythons
  3 bats
  6 frilled lizards
  9 kobolds
  6 rats
243 creatures vanquished.

Vanquished Creatures (others)
  A slime creature (D:9)
1 creature vanquished.

Grand Total: 244 creatures vanquished

Notes
Turn   | Place    | Note
-------+----------+-------------------------------------------
     0 | D:1      | FelidarSovereign the Draconian Shapeshifter began the quest
                  | for the Orb.
     0 | D:1      | Reached XP level 1. HP: 16/16 MP: 1/1
   687 | D:1      | Reached XP level 2. HP: 16/23 MP: 2/2
  1119 | D:2      | Reached skill level 4 in Shapeshifting
  1119 | D:2      | Reached XP level 3. HP: 28/28 MP: 3/3
  1164 | D:2      | HP: 1/28 [ribbon worm (6)]
  2065 | D:3      | Found Sivuh's Assorted Antiques.
  2072 | D:3      | Bought a scroll labelled AMOGEL VIDIME for 29 gold pieces
  2072 | D:3      | Bought a scroll labelled TEFOOCW WEEGRA for 29 gold pieces
  2072 | D:3      | Bought a scroll labelled TIUV ISACLUTYU for 29 gold pieces
  2072 | D:3      | Bought a scroll labelled YBAXKI OVIHOM for 29 gold pieces
  2389 | D:3      | Reached XP level 4. HP: 24/35 MP: 4/4
  2924 | D:3      | Reached skill level 5 in Shapeshifting
  3112 | D:4      | Found a radiant altar of Vehumet.
  3238 | D:4      | Found a transporter.
  3290 | D:4      | Found a basalt altar of Yredelemnul.
  3354 | D:4      | Reached XP level 5. HP: 9/40 MP: 5/5
  3654 | D:4      | Noticed a toenail golem
  3657 | D:4      | Noticed a small abomination
  3680 | D:4      | Noticed a small abomination
  3687 | D:4      | Found a transporter.
  3692 | D:4      | Found a one-way gate to the infinite horrors of the Abyss.
  3694 | D:4      | Noticed Blork the orc
  3707 | D:4      | Killed Blork the orc
  3708 | D:4      | Reached skill level 6 in Shapeshifting
  3838 | D:4      | Noticed Robin
  3858 | D:4      | Killed Robin
  3859 | D:4      | Reached XP level 6. HP: 12/47 MP: 6/6
  4053 | D:4      | Found a hide-covered altar of Uskayaw.
  4077 | D:4      | Noticed zorb987's ghost (amateur GnRe)
  4278 | D:5      | Entered Level 5 of the Dungeon
  4389 | D:5      | Noticed Sigmund
  4401 | D:5      | Killed Sigmund
  4402 | D:5      | Reached skill level 7 in Shapeshifting
  4402 | D:5      | Your scales start taking on a glossy black colour.
  4402 | D:5      | Reached XP level 7. HP: 53/55 MP: 7/7
  4402 | D:5      | Gained mutation: You are resistant to electric shocks.
                  | (rElec) [Black Draconian growth]
  4858 | D:5      | Reached skill level 3 in Fighting
  5350 | D:6      | Noticed Menkaure
  5350 | D:6      | Noticed Pikel
  5442 | D:6      | Reached XP level 8. HP: 60/63 MP: 8/8
  5452 | D:5      | Reached skill level 8 in Shapeshifting
  5710 | D:6      | Killed Menkaure
  5819 | D:5      | Killed Pikel
  5820 | D:5      | Reached skill level 9 in Shapeshifting
  5947 | D:6      | Reached XP level 9. HP: 50/74 MP: 9/9
  6065 | D:6      | Found a staircase to the Ecumenical Temple.
  6200 | D:6      | Found an iron altar of Okawaru.
  6267 | Temple   | Entered the Ecumenical Temple
  6389 | Temple   | Became a worshipper of Ru the Awakened
  6689 | D:7      | Reached skill level 6 in Unarmed Combat
  7684 | D:8      | Reached skill level 6 in Fighting
  7764 | D:8      | Gained mutation: You are hated by all. [Ru sacrifice]
  7764 | D:8      | Reached * piety under Ru
  8062 | D:8      | Reached skill level 10 in Shapeshifting
  8641 | D:9      | Noticed a troll
  8646 | D:8      | Reached XP level 10. HP: 85/86 MP: 10/10
  8979 | D:8      | Reached skill level 11 in Shapeshifting
  9204 | D:9      | Found a staircase to the Lair.
  9222 | D:9      | Reached skill level 3 in Dodging
 10037 | D:9      | Noticed a moth of wrath
 10039 | D:9      | Noticed Konar's ghost (journeyman CoHu)
 10041 | D:9      | Noticed a tengu warrior
 10105 | D:9      | Found a bloodstained altar of Trog.
 10108 | D:9      | Noticed a two-headed ogre
 10112 | D:9      | Found a transporter.
 10128 | D:9      | Found a transporter.
 10353 | D:9      | Gained mutation: You cannot be stealthy. [Ru sacrifice]
 10353 | D:9      | Reached ** piety under Ru
 10799 | D:9      | Reached XP level 11. HP: 91/94 MP: 11/11
 10911 | D:9      | Noticed Amaemon
 10923 | D:9      | Killed Amaemon
 10924 | D:9      | Reached skill level 12 in Shapeshifting
 11213 | D:10     | Entered Level 10 of the Dungeon
 11259 | D:10     | Found a bloodstained altar of Trog.
 11381 | D:10     | Found a shadowy altar of Dithmenos.
 11583 | D:10     | Reached skill level 9 in Unarmed Combat
 13050 | D:11     | Found Hinahuupn's Antique Armour Boutique.
 13364 | D:11     | Found a staircase to the Orcish Mines.
 13387 | D:11     | HP: 5/141 [komodo dragon (16)]
 13388 | D:11     | Slain by a komodo dragon

Illustrated notes

Levels and vault maps discovered:
D:1:      nzn_arrival_crosshair, layout_loops_corners, amethyst_killhole,
          grunt_decor_junction
D:2:      layout_basic, grunt_ministairs_2, chequers_serial_rivers_large_b
D:3:      layout_basic, serial_shops, nicolae_shop_statue_plus
D:4:      layout_loops_cross, lemuel_round_altar, lemuel_tele_altar,
          lemuel_crystal_altar, gammafunk_ghost_abyssal_escape,
          skrybe_limestone_x, uniq_blork_the_orc, uniq_robin
D:5:      layout_loops_corners, grunt_ministairs_4, uniq_sigmund
D:6:      layout_rooms, lemuel_coloured_pillars_altar, minmay_temple_entry_mist,
          nicolae_figureground_pulse, uniq_menkaure, uniq_pikel
D:7:      layout_cave_pools
D:8:      layout_loops_corners
D:9:      layout_grid_maze, mainiacjoe_overflow_surrounded_room,
          erik_lair_island, gammafunk_ghost_wrathful_warriors,
          hangedman_incinerator, uniq_amaemon
D:10:     layout_basic, mainiacjoe_overflow_brackets,
          nicolae_overflow_crystal_walls
D:11:     layout_rooms, minmay_orc_entry_guard_dogs, serial_shops,
          nicolae_shop_just_a_little_nook, serial_park_tiny_1
Temple:   eino_wide_crystal_templ

Skill      XL: |  1  2  3  4  5  6  7  8  9 10 11 |
---------------+----------------------------------+-----
Shapeshifting  | 4 5 6 7 9 10 11 12 | 12.9
Fighting       | 2 3 5 7 8 |  8.0
Unarmed Combat | 4 5 7 8 9 |  9.4
Dodging        | 4 5 |  5.0

Action                     |  1- 3 |  4- 6 |  7- 9 | 10-12 || total
---------------------------+-------+-------+-------+-------++-------
  Melee: Unarmed           |   119 |    98 |   360 |   347 ||   924
         Tailslap          |    10 |    19 |    58 |    58 ||   145
         Punch             |     5 |     2 |       |       ||     7
         Club              |       |    21 |       |     3 ||    24
         Constrict         |       |       |     1 |     4 ||     5
 Invoke: Sacrifice Love    |       |       |     1 |       ||     1
         Sacrifice Stealth |       |       |       |     1 ||     1
Ability: Galvanic Breath   |       |       |     2 |     1 ||     3
  Evoke: Wand              |     2 |    12 |     4 |     4 ||    22
    Use: Potion            |     2 |       |       |     4 ||     6
         Scroll            |       |     7 |     6 |     5 ||    18
   Stab: Sleeping          |     1 |     1 |       |       ||     2
         Distracted        |       |       |       |     2 ||     2
 Armour: Skin              |    89 |    84 |   218 |   218 ||   609
  Dodge: Dodged            |    78 |    62 |   354 |   261 ||   755
   Form: Flux              |       |       |     1 |     1 ||     2
         Serpent           |       |       |     1 |       ||     1

Table legend: (Time is in decaauts)
 A = Elapsed time spent in this place.
 B = Non-inter-level travel time spent in this place.
 C = Inter-level travel time spent in this place.
 D = Time resting spent in this place.
 E = Time spent auto-exploring this place.
 F = Levels seen in this place.
 G = Mean time per level.
                   A        B        C        D        E       F      G
               +--------+--------+--------+--------+--------+-----+--------+
         Total |  13335 |  12798 |    537 |   3154 |   7881 |  12 | 1111.2 |
       Dungeon |  13205 |  12680 |    525 |   3044 |   7881 |  11 | 1200.5 |
        Temple |    129 |    117 |     12 |    110 |      0 |   1 |  129.0 |
               +--------+--------+--------+--------+--------+-----+--------+

Top non-repeatable levels by time:
     D:9: 2091 daAuts
    D:10: 1758 daAuts
     D:8: 1549 daAuts
     D:5: 1273 daAuts
     D:4: 1229 daAuts
     D:2: 1150 daAuts
     D:3: 981 daAuts
     D:6: 971 daAuts
     D:1: 936 daAuts
     D:7: 866 daAuts
    D:11: 396 daAuts
  Temple: 129 daAuts
